 Dungeon Crawl Stone Soup version 0.27-a0-1277-g3808f8b1c9 (webtiles) character file.

Game seed: 11059009909765102328

3417 Johnny the Thaumaturge (level 9, -3/59 HPs)
             Began as a Deep Elf Earth Elementalist on June 12, 2021.
             Was a Believer of Dithmenos.
             Shot with an arrow by a centaur (10 damage)
             ... on level 8 of the Dungeon.
             The game lasted 00:08:43 (8822 turns).

Johnny the Thaumaturge (DEEE)                       Turns: 8822, Time: 00:08:44

Health: -3/59      AC:  3    Str:  5    XL:     9   Next: 76%
Magic:  23/24      EV: 12    Int: 24    God:    Dithmenos [**....]
Gold:   231        SH:  0    Dex: 15    Spells: 21/26 levels left

rFire    . . .     SeeInvis .   B - +4 spear (venom)
rCold    . . .     Faith    .   (no shield)
rNeg     . . .     Spirit   .   c - +0 robe
rPois    +         Reflect  .   e - +0 helmet
rElec    .         Harm     .   (no cloak)
rCorr    .         Rampage  .   (no gloves)
Will     .....                  (no boots)
Stlth    +++.......             (no amulet)
HPRegen  0.19/turn              u - ring of poison resistance
MPRegen  0.19/turn              (no ring)

@: wreathed by umbra
A: no striking features
a: Renounce Religion, Shadow Step


You were on level 8 of the Dungeon.
You worshipped Dithmenos.
Dithmenos was pleased with you.
You visited 1 branch of the dungeon, and saw 8 of its levels.

You collected 249 gold pieces.
You spent 18 gold pieces at shops.

Inventory:

Hand Weapons
 B - a +4 spear of venom (weapon)
Missiles
 A - 29 stones
Armour
 c - a +0 robe (worn)
 e - a +0 helmet (worn)
 s - a +0 buckler
Jewellery
 u - a ring of poison resistance (left hand)
Wands
 h - a wand of iceblast (3)
Scrolls
 a - 2 scrolls of noise {unknown}
 g - 2 scrolls of fog {unknown}
 l - a scroll of summoning {unknown}
 q - 2 scrolls of enchant armour
 v - 3 scrolls of teleportation {unknown}
 y - a scroll of vulnerability {unknown}
Potions
 b - a potion of might
 d - 3 potions of resistance {unknown}
 f - 2 potions of degeneration
 i - 7 potions of curing
 j - 2 potions of invisibility {unknown}
 m - 2 potions of magic
 o - a potion of brilliance {unknown}
 p - 3 potions of flight {unknown}
 r - a potion of lignification {unknown}
 w - a potion of mutation {unknown}
 x - a potion of attraction {unknown}
 z - a potion of haste {unknown}


   Skills:
 * Level 7.9 Fighting
 - Level 2.4 Dodging
 - Level 3.2 Stealth
 + Level 2.3 Shields
 + Level 9.2 Spellcasting
 - Level 1.1 Transmutations
 + Level 8.1 Earth Magic


You had 21 spell levels left.
You knew the following spells:

 Your Spells              Type           Power      Damage    Failure   Level
a - Sandblast             Erth           100%       2d20      1%          1
b - Stone Arrow           Conj/Erth      60%        3d10      3%          3
c - Corona                Hex            12%        N/A       6%          1

Your spell library contained the following spells:

 Spells                   Type           Power      Damage    Failure   Level
 Passwall                 Tmut/Erth      27%        N/A       1%          2
 Sting                    Tmut/Pois      52%        1d5       4%          1
 Lee's Rapid Deconstruct  Erth           25%        3d15*     5%          5
 Shock                    Conj/Air       44%        1d5       6%          1
 Ensorcelled Hibernation  Hex/Ice        22%        N/A       9%          2
 Poisonous Vapours        Pois/Air       22%        N/A       9%          2
 Static Discharge         Conj/Air       11%        N/A       9%          2
 Petrify                  Tmut/Erth      33%        N/A       9%          4
 Ignite Poison            Fire/Tmut/Pois 12%        N/A       14%         3
 Confusing Touch          Hex            11%        N/A       17%         3
 Dazzling Flash           Conj/Hex       22%        N/A       17%         3
 Mephitic Cloud           Conj/Pois/Air  11%        N/A       17%         3
 Swiftness                Air            11%        N/A       17%         3
 Tukima's Dance           Hex            11%        N/A       17%         3
 Airstrike                Air            5%         N/A       50%         4
 Olgreb's Toxic Radiance  Pois           11%        N/A       50%         4
 Lightning Bolt           Conj/Air       5%         1d17      85%         5


Dungeon Overview and Level Annotations

Branches:
Dungeon (8/15)             Temple (0/1) D:5
   Lair: D:8-11

Altars:
Dithmenos
Fedhas
Makhleb
Ru
Trog
Vehumet
Zin
The Shining One

Shops:
D:3 *


Message History

The howler monkey is lightly wounded.
The howler monkey closely misses you.
You hit the howler monkey.
The howler monkey looks as sick as possible!
The howler monkey is moderately wounded.
The howler monkey hits you but does no damage.
The howler monkey hits you.
You completely miss the howler monkey.
The howler monkey is heavily wounded.
The howler monkey barely misses you.
You hit the howler monkey.
The howler monkey looks as sick as possible!
The howler monkey is almost dead.
The howler monkey hoots and howls with incredible vigour!
The howler monkey barely misses you.
You hear a shout! x2; You hear an angry hiss. x2
You hit the howler monkey.
The howler monkey looks as sick as possible!
The howler monkey is almost dead.
You kill the howler monkey!
Dithmenos accepts your kill.
No target in view!
No target in view!
No target in view!
No target in view!
No target in view!
No target in view!
You start resting.
A centaur comes into view.
The centaur shouts!
The centaur wields a +0 shortbow.
The centaur shoots an arrow.
The arrow hits you.
The centaur shoots an arrow.
The arrow hits you!
The centaur shoots an arrow.
The arrow hits you!
You are too injured to fight recklessly!
The centaur shoots an arrow.
The arrow hits you!
* * * LOW HITPOINT WARNING * * *
The centaur shoots an arrow.
The arrow barely misses you.
A centaur comes into view.
The centaur shoots an arrow.
The arrow hits you!
You die...

#....# #.
#........#....# #.
#........#....#...#.
#........#....#...#.
#........#....#...#.
#..c.....#....#...#.
#........#...##...#. .
#........##'###...#. ..
#..@.....#........#.
##'##........#........#.
.............#........#.
........†....#'####...#.
.c...........#...##...#.
......(......#...##...#.
.............#........##
............†'...>.....#
.............######....'


You could see 2 centaurs.

Vanquished Creatures
  A kobold demonologist (D:8)
  Grinder (D:6)
  A hornet (D:8)
  Eustachio (D:5)
  An ice beast (D:6)
  2 orc warriors (D:7)
  A sky beast (D:5)
  A necrophage (D:3)
  6 ogres
  A centaur (D:8)
  Blork the orc (D:5)
  A bullfrog (D:7)
  A scorpion (D:7)
  A gnoll sergeant (D:7)
  2 wyvern zombies
  2 water moccasin skeletons (D:5)
  3 wights
  3 howler monkeys (D:8)
  A bullfrog zombie (D:5)
  A centaur zombie (D:6)
  3 hounds
  2 jellies
  2 bullfrog skeletons
  3 orc priests
  2 centaur skeletons
  Jessica (D:3)
  A scorpion zombie (D:5)
  3 iguanas
  3 orc wizards
  A hound zombie (D:5)
  A howler monkey zombie (D:5)
  9 gnolls (D:7)
  2 howler monkey skeletons
  4 adders
  An adder skeleton (D:5)
  2 dart slugs
  20 orcs
  5 ball pythons
  5 bats
  4 endoplasms
  3 giant cockroaches
  A goblin (D:4)
  5 hobgoblins
  2 jackals (D:3)
  6 quokkas
  3 frilled lizards (D:2)
  2 kobolds
  A rat (D:2)
129 creatures vanquished.

Vanquished Creatures (others)
  2 fungi (D:2)
  3 plants (D:2)
5 creatures vanquished.

Grand Total: 134 creatures vanquished

Notes
Turn   | Place    | Note
-------+----------+-------------------------------------------
     0 | D:1      | Johnny the Deep Elf Earth Elementalist began the quest for
                  | the Orb.
     0 | D:1      | Reached XP level 1. HP: 10/10 MP: 6/6
   387 | D:1      | Reached XP level 2. HP: 10/16 MP: 6/8
   608 | D:1      | Reached skill level 1 in Fighting
   896 | D:2      | Found a faded altar of an unknown god.
  1771 | D:3      | Reached XP level 3. HP: 18/20 MP: 7/10
  1901 | D:3      | Noticed Jessica
  1904 | D:3      | Killed Jessica
  1905 | D:3      | Reached skill level 4 in Spellcasting
  1905 | D:3      | Reached XP level 4. HP: 18/26 MP: 6/12
  2258 | D:3      | Found Acalagg's General Store.
  2274 | D:3      | Bought 14 stones for 18 gold pieces
  2398 | D:3      | Noticed a necrophage
  2404 | D:3      | Killed a necrophage
  2405 | D:3      | Reached XP level 5. HP: 32/32 MP: 8/13
  2677 | D:4      | Learned a level 1 spell: Corona
  3204 | D:4      | Found a bloodstained altar of Trog.
  3204 | D:4      | Found a blossoming altar of Fedhas.
  3206 | D:4      | Found a glowing golden altar of the Shining One.
  3215 | D:4      | Found a shadowy altar of Dithmenos.
  3215 | D:4      | Found a sacrificial altar of Ru.
  3227 | D:4      | Found a radiant altar of Vehumet.
  3234 | D:4      | Became a worshipper of Dithmenos the Shadowed
  3698 | D:4      | Reached XP level 6. HP: 37/37 MP: 11/15
  3810 | D:5      | Entered Level 5 of the Dungeon
  3821 | D:5      | Reached skill level 5 in Spellcasting
  4347 | D:4      | Learned a level 3 spell: Stone Arrow
  4423 | D:5      | Reached skill level 5 in Earth Magic
  4602 | D:5      | Found a burning altar of Makhleb.
  4602 | D:5      | Noticed a green death
  4605 | D:5      | Noticed a hellwing
  4605 | D:5      | Noticed a smoke demon
  4651 | D:5      | Noticed Blork the orc
  4657 | D:5      | Killed Blork the orc
  4724 | D:5      | Found a glowing silver altar of Zin.
  4807 | D:5      | Reached XP level 7. HP: 37/43 MP: 12/17
  4884 | D:5      | Reached skill level 6 in Spellcasting
  5012 | D:5      | Reached * piety under Dithmenos
  5159 | D:5      | Found a staircase to the Ecumenical Temple.
  5161 | D:5      | Reached skill level 5 in Fighting
  5421 | D:5      | Noticed Eustachio
  5548 | D:5      | Killed Eustachio
  5549 | D:5      | Reached XP level 8. HP: 50/50 MP: 12/20
  5890 | D:6      | Reached skill level 7 in Spellcasting
  5951 | D:6      | Noticed Grinder
  5956 | D:6      | Killed Grinder
  6786 | D:6      | Reached skill level 8 in Spellcasting
  6934 | D:7      | Reached XP level 9. HP: 44/56 MP: 6/23
  7775 | D:7      | Reached skill level 1 in Shields
  8143 | D:7      | Reached ** piety under Dithmenos
  8351 | D:8      | Noticed a kobold demonologist
  8354 | D:8      | Noticed an orange demon
  8359 | D:8      | Noticed a soul eater
  8362 | D:8      | Killed a kobold demonologist
  8609 | D:8      | Reached skill level 9 in Spellcasting
  8822 | D:8      | Shot with an arrow by a centaur

Illustrated notes

Levels and vault maps discovered:
D:1:      saegor_arrival_simple_e, layout_rooms, minmay_fountain_box
D:2:      layout_basic, shapermc_ecumenical_altar_gd, wad_floor_pattern_1
D:3:      layout_loops_ring, serial_shops, shop_statue, kennysheep_jessica_study
D:4:      layout_loops_corners, grunt_temple_overflow_open
D:5:      layout_gridville, overflow_temple_1_default,
          makhleb_altar_promises_db, minmay_temple_entry_glassed_door,
          uniq_blork_the_orc, uniq_eustachio
D:6:      layout_rooms, minmay_tree_intersection, uniq_grinder
D:7:      layout_loops_cross, nrook_campfire
D:8:      layout_gridville, minmay_checkerbox

Skill      XL: |  1  2  3  4  5  6  7  8  9 |
---------------+----------------------------+-----
Fighting       | 1 2 3 4 5 6 7 |  7.9
Spellcasting   | 4 5 6 8 9 |  9.2
Earth Magic    | 4 5 6 7 8 |  8.1
Stealth        | 3 |  3.2
Shields        | 2 |  2.3
Dodging        | |  2.4
Transmutations | |  1.1

Action                   |  1- 3 |  4- 6 |  7- 9 || total
-------------------------+-------+-------+-------++-------
Melee: Unarmed           |     4 |     5 |       ||     9
       Long sword        |       |     4 |    36 ||    40
       Spear             |       |       |    25 ||    25
 Cast: Sandblast         |    47 |    60 |    58 ||   165
       Stone Arrow       |       |     5 |    74 ||    79
       Corona            |       |     5 |       ||     5
  Use: Potion            |       |     3 |     2 ||     5
       Scroll            |       |       |     7 ||     7
 Stab: Sleeping          |       |       |     1 ||     1
Armor: Robe              |     5 |     5 |    24 ||    34
Dodge: Dodged            |    13 |    36 |   107 ||   156
       Rpst.: Long sword |       |     5 |    22 ||    27

Table legend: (Time is in decaauts)
 A = Elapsed time spent in this place.
 B = Non-inter-level travel time spent in this place.
 C = Inter-level travel time spent in this place.
 D = Time resting spent in this place.
 E = Time spent auto-exploring this place.
 F = Levels seen in this place.
 G = Mean time per level.
                   A        B        C        D        E       F      G
               +--------+--------+--------+--------+--------+-----+--------+
         Total |   8842 |   8509 |    333 |   1627 |   5845 |   8 | 1105.2 |
       Dungeon |   8842 |   8509 |    333 |   1627 |   5845 |   8 | 1105.2 |
               +--------+--------+--------+--------+--------+-----+--------+

Top non-repeatable levels by time:
     D:4: 1671 daAuts
     D:7: 1387 daAuts
     D:5: 1366 daAuts
     D:6: 1078 daAuts
     D:3: 1077 daAuts
     D:2: 1004 daAuts
     D:1: 762 daAuts
     D:8: 493 daAuts
